 Dungeon Crawl Stone Soup version 0.30-a0-591-g3c58d2bc28 (webtiles) character file.

Game seed: 10850640389894746618

25170 bande the Cleaver (level 13, -2/78 HPs)
             Began as a Gargoyle Fighter on Jan 5, 2023.
             Was the Champion of Okawaru.
             Slain by a rakshasa
             ... wielding the +8 demon trident "Rift" {distort, reach+}
              (4 damage)
             ... on level 2 of the Lair of Beasts.
             The game lasted 00:27:53 (10855 turns).

bande the Cleaver (Gargoyle Fighter)               Turns: 10855, Time: 00:27:54

Health: -2/78      AC: 37    Str: 24    XL:     13   Next: 17%
Magic:  19/19      EV: 14    Int:  7    God:    Okawaru [******]
Gold:   966        SH: 20    Dex: 21    Spells: 11/12 levels left

rFire   + + .      SeeInvis .    a - +6 broad axe "Tenirgh" {speed, rPois rF+ rC- Dex+4}
rCold   . . .      Faith    +    y - +0 tower shield
rNeg    + . .      Spirit   .    V - +3 chain mail of Cesch {rElec}
rPois   ∞          Reflect  .    d - +2 hat {Will+}
rElec   +          Harm     .    L - +0 cloak
rCorr   +          Rampage  .    e - +1 pair of gloves
Will    +....                    U - +0 pair of boots of the Dolphin {rPois Str+3 Dex+4} Stlth
                                 n - amulet of faith
HPRegen 0.33/turn                f - +4 ring of protection
MPRegen 0.16/turn                S - +5 ring of evasion

@: resistant, heroic
A: sickness immunity, AC +9, negative energy resistance 1, electricity
resistance, torment resistance 1, petrification resistance, dopey 1, passive
freeze, MP-powered wands
a: Renounce Religion, Heroism, Finesse, Duel


You were on level 2 of the Lair of Beasts.
You worshipped Okawaru.
Okawaru was exalted by your worship.
You visited 3 branches of the dungeon, and saw 13 of its levels.
You also visited: Gauntlet.

You collected 966 gold pieces.

Inventory:

Hand Weapons
 a - the +6 broad axe "Tenirgh" (weapon) {speed, rPois rF+ rC- Dex+4}
   (You acquired it on level 1 of the Lair of Beasts)

   Dex:       It affects your dexterity (+4).
   rF:        It protects you from fire.
   rC:        It makes you vulnerable to cold.
   rPois:     It protects you from poison.
 t - a +0 demon trident
 G - a +2 hand axe of flaming
 P - a +2 war axe of venom
Missiles
 o - 5 throwing nets (quivered)
Armour
 d - a +2 hat of willpower (worn)
 e - a +1 pair of gloves (worn)
 w - a +1 ring mail of cold resistance
 y - a +0 tower shield (worn)
 L - a +0 cloak (worn)
 U - the +0 pair of boots of the Dolphin (worn) {rPois Str+3 Dex+4}
   (You found it in a Gauntlet)

   Str:       It affects your strength (+3).
   Dex:       It affects your dexterity (+4).
   rPois:     It protects you from poison.
 V - the +3 chain mail of Cesch (worn) {rElec}
   (You found it in a Gauntlet)

   rElec:     It insulates you from electricity.
Jewellery
 f - a +4 ring of protection (left hand)
 n - an amulet of faith (around neck)
 p - a ring of positive energy
 s - a ring of fire
 C - a +6 ring of strength
 E - a ring of resist corrosion
 I - a ring of protection from fire
 K - a +6 ring of dexterity
 N - a ring of protection from fire
 S - a +5 ring of evasion (right hand)
 W - a ring of wizardry
Wands
 c - a wand of digging (7)
 h - a wand of roots (9)
 u - a wand of flame (26)
 B - a wand of polymorph (7)
 M - a wand of acid (7)
 T - a wand of mindburst (5)
Scrolls
 i - 4 scrolls of enchant weapon
 l - 2 scrolls of blinking
 q - 2 scrolls of poison
 x - 11 scrolls of teleportation
 D - 3 scrolls of fog
 O - 2 scrolls of identify
 Q - a scroll of enchant armour
 R - 2 scrolls of brand weapon
Potions
 g - 6 potions of curing
 j - 4 potions of ambrosia
 k - 5 potions of mutation
 m - a potion of heal wounds
 r - 2 potions of cancellation
 v - a potion of might
 z - 2 potions of brilliance
 A - a potion of experience {unknown}
 F - a potion of flight
 H - 2 potions of attraction {unknown}
 J - a potion of haste


   Skills:
 + Level 8.2(13.2) Fighting
 + Level 11.2(16.2) Axes
 + Level 8.4(13.4) Armour
 - Level 0.2(5.2) Stealth
 + Level 9.1(14.1) Shields
 * Level 7.5 Translocations
 * Level 8.7 Invocations
 * Level 7.0 Evocations


You had 11 spell levels left.
You knew the following spells:

 Your Spells              Type           Power      Damage    Failure   Level
a - Apportation           Tloc           20%        N/A       36%         1

Your spell library contained the following spells:

 Spells                   Type           Power      Damage    Failure   Level
 Foxfire                  Conj/Fire      0%         2x1d4     100%        1
 Freeze                   Ice            0%         1d3       100%        1
 Slow                     Hex            0%         N/A       100%        1
 Confusing Touch          Hex            0%         N/A       100%        3
 Dazzling Flash           Conj/Hex       0%         N/A       100%        3
 Frozen Ramparts          Ice            0%         1d1       100%        3
 Hailstorm                Conj/Ice       0%         3d3       100%        3
 Kindle Blastsparks       Fire/Tloc/Air  6%         2d10      100%        3
 Vampiric Draining        Necr           0%         2d6       100%        3
 Fulminant Prism          Conj/Hex       0%         3d5       100%        4
 Ice Form                 Ice/Tmut       0%         N/A       100%        4
 Iskenderun's Mystic Bla  Conj/Tloc      5%         2d3       100%        4
 Agony                    Necr           0%         N/A       100%        5
 Alistair's Intoxication  Tmut/Pois      0%         N/A       100%        5
 Lee's Rapid Deconstruct  Erth           0%         3d4*      100%        5
 Lightning Bolt           Conj/Air       0%         1d11      100%        5
 Silence                  Hex/Air        0%         N/A       100%        5
 Starburst                Conj/Fire      0%         6d3       100%        6
 Summon Ice Beast         Ice/Summ       Unusable   N/A       N/A         4

Dungeon Overview and Level Annotations

Branches:
Dungeon (10/15)            Temple (1/1) D:5            Lair (2/5) D:10
  Swamp (0/4) Lair:2      Gauntlet (visited)
  Snake: Lair:2-3    Spider: Lair:2-3       Orc: D:9-12

Altars:
Fedhas
Gozag
Hepliaklqana
Makhleb
Okawaru
Qazlal
Trog
Uskayaw
Xom
The Shining One

Shops:
D:3 ?   D:5 (   D:6 *   D:9 (

Portals:
Abyss: Lair:2

Annotations:
D:10 exclusion: oklob plant
Lair:2 1 transporter


Innate Abilities, Weirdness & Mutations

You are immune to sickness and miasma.
Your stone body is resilient. (AC +9)
You are immune to poison.
You resist negative energy. (rN+)
You are resistant to electric shocks. (rElec)
You are resistant to unholy torment.
You are immune to petrification.
You are dopey. (Int -2)
A frigid envelope surrounds you and freezes all who hurt you.
You expend magic power (3 MP) to strengthen your wands.


Message History

You miss the rakshasa.
The rakshasa is almost dead.
The rakshasa hits you with the +8 demon trident "Rift" {distort, reach+}!
Space warps horribly around you!
* * * LOW HITPOINT WARNING * * *
The rakshasa is very cold.
You kill the rakshasa!
The rakshasa shimmers and vanishes!
The rakshasa misses you. You block the rakshasa's attack.
Unknown command.
The rakshasa blinks!
You block the rakshasa's attack.
You see here a hell hog corpse.
You block the rakshasa's attack. The rakshasa closely misses you.
You closely miss the rakshasa.
The rakshasa is heavily wounded.
The rakshasa blinks!
You block the rakshasa's attack.
You hit the rakshasa but do no damage.
The rakshasa is heavily wounded.
You are no longer corroded.
Unknown command.
You closely miss the rakshasa.
The rakshasa is heavily wounded.
The rakshasa blinks!
You block the rakshasa's attack. You block the rakshasa's attack.
You block the rakshasa's attack. x2
You see here a hell hog corpse.
The rakshasa misses you. You block the rakshasa's attack.
You slash the rakshasa!
The rakshasa is severely wounded.
You hit the rakshasa.
The rakshasa hits you with the +8 demon trident "Rift" {distort, reach+}!
* * * LOW HITPOINT WARNING * * *
Space warps around you.
* * * LOW HITPOINT WARNING * * *
The rakshasa is very cold.
The rakshasa is severely wounded.
The rakshasa hits you but does no damage.
Space warps around you.
You die...

..............####....###.....##.
...........####.[##..##W#....##..
..........##.©.#.}#©.#..#........
..........#.####.##..##R##.......
..........##...###...##..#.......
...........##..#....##.#.#.....[.
...........##.∩##©###...##.......
..........###..R###...###........
..........#$.#.R@†.#.)#..........
#.#.......##.#.#^#.#..##.........
###...[....##)##.)...# ##........
# ##........#..#.####...##......#
##...†..###..##..# .#.#......#
###.†..##.###...# #.##.....##
#.††.####.......###......#
#....†...................#
##...†...................##


You could see 2 rakshasas.

Vanquished Creatures
  Gastronok (D:8)
  A minotaur (Gauntlet)
  The ghost of pdpol the Destroyer, a journeyman NaFE of Sif Muna (Lair:2)
  Josephine (D:10)
  Harold (D:10)
  2 hydras (Lair:1)
  A hell hog (Lair:2)
  2 two-headed ogres (D:10)
  A bog body (Lair:2)
  A lindwurm (Lair:1)
  An ugly thing (Lair:2)
  An apocalypse crab (Lair:2)
  4 black mambas (Lair:1)
  A gargoyle (D:10)
  A smoke demon (Gauntlet)
  2 rust devils
  3 cane toads (Lair:1)
  3 komodo dragons
  A hellion (Gauntlet)
  A minotaur zombie (Gauntlet)
  2 trolls
  A red devil (Gauntlet)
  A polar bear (Lair:1)
  A hornet (D:9)
  5 blink frogs (Lair:2)
  A spriggan (Lair:2)
  7 wraiths (D:10)
  3 wyverns
  A ynoxinul (Gauntlet)
  13 yaks
  3 basilisks
  3 steam dragons
  Eustachio (D:5)
  A chaos spawn (Lair:2)
  Edmund (D:4)
  6 water moccasins
  An acid dragon (D:9)
  2 hell hounds (Gauntlet)
  Duvessa (D:5)
  An ice beast (D:6)
  2 black bears
  3 orc warriors
  3 centaurs (D:9)
  6 wolves
  A kobold brigand (D:10)
  Blork the orc (D:5)
  12 bullfrogs
  A gnoll sergeant (D:7)
  4 scorpions
  9 wights
  Dowan (D:5)
  6 killer bees (D:9)
  2 electric eels
  A howler monkey (D:5)
  4 crimson imps (Gauntlet)
  2 hounds
  4 orc priests
  4 iron imps (Gauntlet)
  5 iguanas
  13 orc wizards
  8 adders
  5 gnolls (D:7)
  3 ufetubi
  2 worms (D:3)
  A dart slug (D:3)
  40 orcs
  3 endoplasms
  6 giant cockroaches
  3 goblins
  8 hobgoblins
  6 jackals
  7 quokkas
  10 ball pythons
  4 bats
  3 frilled lizards
  7 kobolds
  4 rats
289 creatures vanquished.

Vanquished Creatures (others)
  A hell rat (Lair:1)
  An orc (D:8)
  14 demonic plants (Gauntlet)
  2 fungi
  9 plants
27 creatures vanquished.

Grand Total: 316 creatures vanquished

Notes
Turn   | Place    | Note
-------+----------+-------------------------------------------
     0 | D:1      | bande the Gargoyle Fighter began the quest for the Orb.
     0 | D:1      | Reached XP level 1. HP: 14/14 MP: 1/1
   219 | D:1      | Reached XP level 2. HP: 19/19 MP: 2/2
   521 | D:1      | Reached skill level 2 in Axes
   936 | D:2      | Reached XP level 3. HP: 24/24 MP: 3/3
  1041 | D:2      | Gained mutation: You expend magic power (3 MP) to
                  | strengthen your wands. [potion of mutation]
  1041 | D:2      | Gained mutation: You are dopey. (Int -2) [potion of
                  | mutation]
  1041 | D:2      | Gained mutation: A frigid envelope surrounds you and
                  | freezes all who hurt you. [potion of mutation]
  1098 | D:2      | Reached XP level 4. HP: 27/29 MP: 4/4
  1604 | D:3      | Reached skill level 3 in Axes
  1722 | D:3      | Reached XP level 5. HP: 33/33 MP: 5/5
  1790 | D:3      | Found Hoiheto's Magic Scroll Boutique.
  2225 | D:4      | Reached XP level 6. HP: 39/39 MP: 6/6
  2317 | D:4      | Identified the +9 hand axe of Summeut Russ {freeze, rElec
                  | rCorr Dex+2}
  2360 | D:4      | Noticed Edmund
  2363 | D:4      | Found a blossoming altar of Fedhas.
  2369 | D:4      | Killed Edmund
  2370 | D:4      | Reached skill level 4 in Axes
  2496 | D:4      | Reached XP level 7. HP: 44/44 MP: 7/7
  2690 | D:4      | Learned a level 1 spell: Apportation
  3072 | D:5      | Entered Level 5 of the Dungeon
  3125 | D:5      | Found Goxtohus's Weapon Shop.
  3280 | D:5      | Found a staircase to the Ecumenical Temple.
  3289 | Temple   | Entered the Ecumenical Temple
  3297 | Temple   | Became a worshipper of Warmaster Okawaru
  3485 | D:5      | Noticed Blork the orc
  3488 | D:5      | Reached skill level 5 in Armour
  3492 | D:5      | Killed Blork the orc
  3624 | D:5      | Noticed Duvessa
  3624 | D:5      | Noticed Dowan
  3631 | D:5      | Killed Duvessa
  3632 | D:5      | Reached skill level 5 in Fighting
  3632 | D:5      | Reached skill level 5 in Axes
  3632 | D:5      | Reached skill level 1 in Translocations
  3632 | D:5      | Reached skill level 1 in Invocations
  3632 | D:5      | Reached skill level 1 in Evocations
  3637 | D:5      | Killed Dowan
  3637 | D:5      | Reached * piety under Okawaru
  3798 | D:5      | Reached XP level 8. HP: 49/49 MP: 9/9
  3857 | D:5      | Noticed Eustachio
  3863 | D:5      | Killed Eustachio
  3946 | D:6      | Found a burning altar of Makhleb.
  4023 | D:6      | Reached ** piety under Okawaru
  4334 | D:6      | Found a shimmering altar of Xom.
  4384 | D:6      | Found Hobait's Gadget Gallery.
  4579 | D:7      | Reached skill level 5 in Shields
  4593 | D:7      | Reached skill level 6 in Axes
  4649 | D:7      | Found a stormy altar of Qazlal.
  4654 | D:7      | Reached XP level 9. HP: 54/54 MP: 11/11
  4725 | D:7      | Reached *** piety under Okawaru
  4914 | D:7      | Found a glowing golden altar of the Shining One.
  5533 | D:8      | Noticed Gastronok
  5551 | D:8      | Killed Gastronok
  5551 | D:8      | Reached **** piety under Okawaru
  5552 | D:8      | Reached skill level 7 in Axes
  5552 | D:8      | Reached XP level 10. HP: 23/60 MP: 11/13
  5939 | D:8      | Reached skill level 5 in Invocations
  6383 | D:9      | Reached ***** piety under Okawaru
  6409 | D:9      | Identified the +3 war axe of Sloth {venom, rPois}
  6629 | D:9      | Found an opulent altar of Gozag.
  6721 | D:9      | Found a hide-covered altar of Uskayaw.
  6724 | D:9      | Found a hazy altar of Hepliaklqana.
  6799 | D:9      | Found Faofuss's Hydra Hut.
  6801 | D:9      | Noticed a seven-headed hydra
  7201 | D:10     | Entered Level 10 of the Dungeon
  7287 | D:10     | Noticed an oklob plant
  7433 | D:10     | Noticed a two-headed ogre
  7441 | D:10     | Killed a two-headed ogre
  7442 | D:10     | Reached skill level 8 in Axes
  7442 | D:10     | Reached skill level 5 in Translocations
  7471 | D:10     | Noticed a gargoyle
  7473 | D:10     | Found a staircase to the Lair.
  7486 | D:10     | Killed a gargoyle
  7487 | D:10     | Reached XP level 11. HP: 52/66 MP: 15/15
  7618 | D:10     | Noticed a two-headed ogre
  7623 | D:10     | Reached skill level 5 in Evocations
  7624 | D:10     | Killed a two-headed ogre
  7706 | D:10     | Noticed Josephine
  7721 | D:10     | Killed Josephine
  7721 | D:10     | Received a gift from Okawaru
  8024 | D:10     | Noticed Harold
  8031 | D:10     | Killed Harold
  8066 | D:10     | Reached ****** piety under Okawaru
  8432 | Lair:1   | Entered Level 1 of the Lair of Beasts
  8433 | Lair:1   | Identified a scroll of acquirement
  8433 | Lair:1   | Acquired the +6 broad axe "Tenirgh" {speed, rPois rF+ rC-
                  | Dex+4}
  8613 | Lair:1   | Found a gate leading to a gauntlet.
  8652 | Gauntlet | Entered a Gauntlet
  8652 | Gauntlet | Found a transporter.
  8661 | Gauntlet | Found a transporter.
  8676 | Gauntlet | Found a transporter.
  8681 | Gauntlet | Found a transporter.
  8681 | Gauntlet | Noticed a wretched star
  8696 | Gauntlet | Found a transporter.
  8715 | Gauntlet | Found a transporter.
  8727 | Gauntlet | Found a transporter.
  8739 | Gauntlet | Found a transporter.
  8747 | Gauntlet | Noticed a great orb of eyes
  8751 | Gauntlet | Found a transporter.
  8751 | Gauntlet | Noticed a purple ugly thing
  8761 | Gauntlet | Noticed a wretched star
  8763 | Gauntlet | Found a transporter.
  8780 | Gauntlet | Found a transporter.
  8798 | Gauntlet | Found a transporter.
  8858 | Gauntlet | Found a transporter.
  8860 | Gauntlet | Found a transporter.
  8890 | Gauntlet | Found a transporter.
  8890 | Gauntlet | Found a transporter.
  8920 | Gauntlet | Found a transporter.
  9029 | Gauntlet | Reached skill level 9 in Axes
  9099 | Gauntlet | Noticed a worldbinder
  9334 | Gauntlet | Noticed a minotaur
  9340 | Gauntlet | Killed a minotaur
  9360 | Gauntlet | Identified the +0 pair of boots of the Dolphin {rPois Str+3
                  | Dex+4}
  9361 | Gauntlet | Got the Precepts of Fulmination
  9382 | Gauntlet | Reached XP level 12. HP: 52/72 MP: 17/17
  9447 | Gauntlet | Identified the +3 chain mail of Cesch {rElec}
  9701 | Lair:1   | Received a gift from Okawaru
  9876 | Lair:1   | Noticed a five-headed hydra
  9877 | Lair:1   | Noticed a six-headed hydra
  9881 | Lair:1   | Killed an eight-headed hydra
  9882 | Lair:1   | Reached skill level 10 in Axes
  9885 | Lair:1   | Killed a seven-headed hydra
 10541 | Lair:2   | Noticed a hell hog
 10614 | Lair:2   | Identified the +1 chain mail of the Armoured One {rPois
                  | Str+4}
 10670 | Lair:2   | Received a gift from Okawaru
 10734 | Lair:2   | Reached XP level 13. HP: 78/78 MP: 19/19
 10735 | Lair:2   | Found a staircase to the Swamp.
 10755 | Lair:2   | Noticed a rakshasa
 10770 | Lair:2   | Found a transporter.
 10770 | Lair:2   | Noticed pdpol's ghost (journeyman NaFE)
 10772 | Lair:2   | Found a transporter.
 10794 | Lair:2   | Found a one-way gate to the infinite horrors of the Abyss.
 10799 | Lair:2   | Reached skill level 11 in Axes
 10831 | Lair:2   | Killed pdpol's ghost
 10855 | Lair:2   | HP: 2/78 [rakshasa (illusionary)/the +8 demon trident
                  | "Rift" {distort, reach+} (5)]
 10855 | Lair:2   | Slain by a rakshasa

Illustrated notes

Levels and vault maps discovered:
D:1:      dpeg_arrival_short_road, layout_loops_ring, serial_forest,
          infiniplex_forest_clump_large, infiniplex_forest_straight_4,
          infiniplex_forest_pool, infiniplex_forest_clump_small
D:2:      layout_loops_ring
D:3:      layout_basic, serial_shops, shop
D:4:      layout_basic, fedhas_altar_1, minivault_5, uniq_edmund
D:5:      layout_gridville, minmay_temple_entry_ruins, serial_shops,
          nicolae_shop_crystal, grunt_decor_one_mirror, solitary_fountain,
          uniq_blork_the_orc, uniq_duvessa, uniq_eustachio
D:6:      layout_loops_cross, mainiacjoe_overflow_cross_hatched,
          amcnicky_altar_gilded, nicolae_shop_gadgets
D:7:      layout_loops_ring, lemuel_crystal_altar,
          nicolae_qazlal_scattered_showers
D:8:      layout_basic, grunt_ministairs_8, nicolae_water_bricks, uniq_gastronok
D:9:      layout_loops_cross, nicolae_overflow_squiral, old_standard_altar,
          doesnt_shop_hydraphobe
D:10:     layout_irregular_city, dpeg_oklobed_lair,
          amcnicky_mini_rare_corridor_liquid, uniq_josephine, uniq_harold
Temple:   dpeg_chambers_temple
Lair:1:   layout_regular_city, gauntlet_entry_generic,
          grunt_forest_small_clearings, grunt_forest_stairs_basic,
          minmay_shattered_shrine, lemuel_fruit_fields, grunt_megastairs_5
Lair:2:   layout_hall_layers, skrybe_swamp_entry_bodies,
          gammafunk_ghost_abyssal_escape

Skill      XL: |  1  2  3  4  5  6  7  8  9 10 11 12 13 |
---------------+----------------------------------------+-----
Axes           | 2 3 4 5 6 7 8 9 10 11 | 11.2
Fighting       | 4 5 6 7 8 |  8.2
Armour         | 4 5 6 7 8 |  8.4
Shields        | 4 5 6 7 8 9 |  9.1
Translocations | 1 2 4 5 6 7 |  7.5
Invocations    | 1 3 4 5 7 8 |  8.7
Evocations     | 1 2 3 4 5 6 7 |  7.0
Stealth        | |  0.2

Action                   |  1- 3 |  4- 6 |  7- 9 | 10-12 | 13-15 || total
-------------------------+-------+-------+-------+-------+-------++-------
Melee: War axe           |    70 |    46 |       |   115 |       ||   231
       Hand axe          |       |    12 |   130 |    52 |       ||   194
       Broad axe         |       |       |       |   208 |    42 ||   250
Invok: Heroism           |       |       |       |     1 |     1 ||     2
  Use: Scroll            |     5 |     6 |    10 |     3 |       ||    24
       Potion            |     1 |       |     2 |     2 |     3 ||     8
Armor: Scale mail        |    46 |    21 |       |       |       ||    67
       Chain mail        |       |     7 |    60 |    93 |    26 ||   186
       Plate armour      |       |       |    25 |   142 |       ||   167
Dodge: Dodged            |    34 |    23 |    15 |    69 |    21 ||   162
Block: Buckler           |    18 |    11 |     2 |       |       ||    31
       Tower shield      |       |       |    84 |   335 |    46 ||   465

Table legend: (Time is in decaauts)
 A = Elapsed time spent in this place.
 B = Non-inter-level travel time spent in this place.
 C = Inter-level travel time spent in this place.
 D = Time resting spent in this place.
 E = Time spent auto-exploring this place.
 F = Levels seen in this place.
 G = Mean time per level.
                   A        B        C        D        E       F      G
               +--------+--------+--------+--------+--------+-----+--------+
         Total |  11051 |  10681 |    370 |    599 |   7601 |  14 |  789.4 |
       Dungeon |   8602 |   8232 |    370 |    476 |   6219 |  10 |  860.2 |
        Temple |     16 |     16 |      0 |      0 |      0 |   1 |   16.0 |
          Lair |   1609 |   1609 |      0 |      0 |   1176 |   2 |  804.5 |
      Gauntlet |    823 |    823 |      0 |    123 |    206 |   1 |  823.0 |
               +--------+--------+--------+--------+--------+-----+--------+

Top non-repeatable levels by time:
    D:10: 1267 daAuts
  Lair:1: 1139 daAuts
     D:8: 1039 daAuts
     D:1: 909 daAuts
     D:9: 889 daAuts
     D:4: 862 daAuts
     D:5: 857 daAuts
Gauntlet: 823 daAuts
     D:7: 775 daAuts
     D:2: 724 daAuts
     D:6: 651 daAuts
     D:3: 624 daAuts
  Lair:2: 470 daAuts
  Temple: 16 daAuts
